 Dungeon Crawl Stone Soup version 0.26.1-11-gd32895ea62 (webtiles) character file.

Game seed: 17944658889173075025

3597 mankey1987 the Basher (level 10, -2/92 HPs)
             Began as an Ogre Berserker on May 28, 2021.
             Was an Elder of Trog.
             Slain by an unseen horror (5 damage)
             ... on level 9 of the Dungeon.
             The game lasted 00:17:54 (14832 turns).

mankey1987 the Basher (Ogre Berserker)             Turns: 14832, Time: 00:17:54

Health: -2/92      AC:  7    Str: 21    XL:     10   Next: 10%
Magic:  0/10       EV: 14    Int:  8    God:    Trog [****..]
Gold:   226        SH:  0    Dex: 13    Spells: 9/9 levels left

rFire    . . .     SeeInvis .   q - +0 flail
rCold    . . .     Faith    .   (no shield)
rNeg     . . .     Spirit   +   A - +1 robe "Quabosy" {Will+ Regen+ Str-2}
rPois    .         Reflect  .   (helmet restricted)
rElec    .         Harm     .   k - +2 cloak
rCorr    +         Rampage  .   (gloves unavailable)
Will     +++..                  (boots unavailable)
Stlth    +.........             b - amulet of guardian spirit
HPRegen  0.65/turn              g - ring of willpower
MPRegen  0.12/turn              w - ring of resist corrosion

@: mighty
A: large, unfitting armour, agile 1, deterioration 1, tough skin 1
a: Renounce Religion, Berserk, Trog's Hand, Brothers in Arms


You were on level 9 of the Dungeon.
You worshipped Trog.
Trog was greatly pleased with you.
You visited 1 branch of the dungeon, and saw 9 of its levels.

You collected 374 gold pieces.
You spent 148 gold pieces at shops.

Inventory:

Hand Weapons
 q - a +0 flail (weapon)
 v - a +1 giant spiked club
Armour
 k - a +2 cloak (worn)
 u - a +0 robe of cold resistance
 A - the +1 robe "Quabosy" (worn) {Will+ Regen+ Str-2}
   (You bought it in a shop on level 7 of the Dungeon)

   It affects your strength (-2).
   It affects your willpower, your defense against some magical effects.
   It increases your rate of regeneration.
Jewellery
 b - an amulet of guardian spirit (around neck)
 g - a ring of willpower (left hand)
 w - a ring of resist corrosion (right hand)
 x - an uncursed ring of ice
Wands
 c - a wand of random effects (17)
 e - a wand of enslavement (7)
 t - a wand of disintegration (15)
 B - a wand of iceblast (3)
Scrolls
 i - 2 scrolls of magic mapping
 j - a scroll of identify
 l - a scroll of amnesia
 m - 2 scrolls of remove curse
 n - 2 scrolls of immolation
 s - a scroll of teleportation
 y - 2 scrolls of random uselessness {unknown}
Potions
 a - 2 potions of mutation
 d - 2 potions of might
 f - a potion of magic {unknown}
 h - 4 potions of curing
 o - a potion of heal wounds {unknown}
 p - a potion of degeneration {unknown}
 r - 2 potions of brilliance {unknown}
 z - 2 potions of invisibility {unknown}
 C - a potion of flight {unknown}


   Skills:
 - Level 4.0 Fighting
 * Level 10.9 Maces & Flails
 + Level 8.0 Dodging


You had 9 spell levels left.
You didn't know any spells.
Your spell library was empty.

Dungeon Overview and Level Annotations

Branches:
Dungeon (9/15)             Temple (0/1) D:5            Lair (0/6) D:8
    Orc (0/2) D:9

Altars:
Fedhas
Makhleb
Okawaru
Uskayaw
Vehumet
The Shining One

Shops:
D:5 }}*}(   D:7 [   D:8 =


Innate Abilities, Weirdness & Mutations

You are too large for most types of armour.
You have tough skin. (AC +1)
You are agile. (Dex +2)
Your body sometimes deteriorates upon taking damage.


Message History

It was a potion of mutation.
You feel extremely strange.
You feel yourself wasting away.
You feel agile. Something hits you but does no damage. Something hits you!
* * * LOW HITPOINT WARNING * * *
The adder skeleton misses you. The worker ant closely misses you.
It was a potion of might.
You feel very mighty all of a sudden. Something hits you but does no damage.
Something hits you.
* * * LOW HITPOINT WARNING * * *
The adder skeleton closely misses you.
The worker ant bites you but does no damage.
It was a potion of curing.
You feel better. Something hits you!
* * * LOW HITPOINT WARNING * * *
The adder skeleton barely misses you. Something completely misses you.
The worker ant barely misses you. Something hits you but does no damage.
The adder skeleton bites you but does no damage.
Something hits you.
* * * LOW HITPOINT WARNING * * *
Something hits you.
You die...

####### ##.....##
##.......##
########.........####
#...(.#........#..#.#
#.....#.####..###.#.#
#.#.#................
#.....#†##...###..#.#
#...@.#..##....#..#.#
###.####.....#...####
#.ZB..###..###..###..
#..#....###.....###..#
#..##).#..#########..#.
#.)# #..##..# #..#..
#.. [#?# #.# #.#..# #.
.###. .# ##..#. # ## ..
# #.#..#


You could see a worker ant and an adder skeleton.

Vanquished Creatures
  Eustachio (D:4)
  2 phantoms
  An ice beast (D:8)
  3 sky beasts
  6 ogres
  A necrophage (D:8)
  5 centaurs
  2 big kobolds
  7 bullfrogs
  2 jellies
  A scorpion (D:8)
  2 killer bees (D:7)
  3 howler monkeys
  A centaur zombie (D:6)
  A quasit (D:7)
  3 orc priests
  A bullfrog zombie (D:9)
  A centaur skeleton (D:8)
  2 hounds
  7 orc wizards
  A bullfrog skeleton (D:5)
  An iguana (D:9)
  4 worker ants
  2 worker ant zombies
  4 gnolls (D:5)
  11 adders
  2 shadow imps
  2 ufetubi
  2 oozes
  2 adder zombies
  2 worms
  4 dart slugs
  5 leopard geckos
  23 orcs
  6 bats
  6 giant cockroaches
  3 goblins
  9 hobgoblins
  7 jackals
  21 kobolds
  5 quokkas
  A ball python (D:7)
  4 frilled lizards
  A jackal skeleton (D:4)
  A quokka skeleton (D:8)
  A quokka zombie (D:9)
  6 rats
188 creatures vanquished.

Vanquished Creatures (collateral kills)
  2 killer bees (D:7)
2 creatures vanquished.

Vanquished Creatures (others)
  An ufetubus (D:8)
  7 plants
8 creatures vanquished.

Grand Total: 198 creatures vanquished

Notes
Turn   | Place    | Note
-------+----------+-------------------------------------------
     0 | D:1      | mankey1987 the Ogre Berserker began the quest for the Orb.
     0 | D:1      | Reached XP level 1. HP: 24/24 MP: 1/1
   266 | D:1      | Reached skill level 3 in Maces & Flails
   266 | D:1      | Reached XP level 2. HP: 32/32 MP: 2/2
   563 | D:1      | Reached XP level 3. HP: 19/39 MP: 3/3
   997 | D:1      | Reached ** piety under Trog
  1778 | D:2      | Found an iron altar of Okawaru.
  1975 | D:2      | Found an iron altar of Okawaru.
  1975 | D:2      | Found a blossoming altar of Fedhas.
  1976 | D:2      | Found a burning altar of Makhleb.
  2055 | D:2      | Reached XP level 4. HP: 48/48 MP: 4/4
  2057 | D:2      | Reached skill level 4 in Maces & Flails
  2806 | D:3      | HP: 2/48 [poisoned by an adder]
  2811 | D:3      | HP: 2/48 [poisoned by an adder]
  2816 | D:3      | HP: 1/48 [poisoned by an adder]
  3172 | D:3      | Reached XP level 5. HP: 28/54 MP: 5/5
  3585 | D:3      | Found a faded altar of an unknown god.
  3974 | D:3      | Found a radiant altar of Vehumet.
  3979 | D:3      | Reached *** piety under Trog
  4209 | D:3      | Found a hide-covered altar of Uskayaw.
  5461 | D:4      | Found a glowing golden altar of the Shining One.
  5748 | D:4      | Noticed Eustachio
  5759 | D:4      | Killed Eustachio
  5760 | D:4      | Reached skill level 5 in Maces & Flails
  5760 | D:4      | Reached XP level 6. HP: 60/62 MP: 6/6
  5794 | D:5      | Entered Level 5 of the Dungeon
  5794 | D:5      | Found Fofum's General Store.
  6323 | D:4      | Reached skill level 6 in Maces & Flails
  6323 | D:4      | Reached XP level 7. HP: 64/70 MP: 7/7
  6831 | D:5      | Found Peptolae's Gadget Emporium.
  6988 | D:5      | Found Hetror's Gadget Shoppe.
  7150 | D:5      | Found Tuuh's Gadget Boutique.
  7335 | D:4      | Reached skill level 5 in Dodging
  7832 | D:5      | Reached skill level 7 in Maces & Flails
  7847 | D:5      | Reached XP level 8. HP: 45/71 MP: 6/8
  7965 | D:5      | Found Cumumm's Weapon Boutique.
  8321 | D:5      | Found a staircase to the Ecumenical Temple.
  8731 | D:5      | Reached skill level 8 in Maces & Flails
  9549 | D:6      | Reached **** piety under Trog
 10609 | D:6      | Reached XP level 9. HP: 23/84 MP: 9/9
 10770 | D:6      | Reached skill level 9 in Maces & Flails
 12508 | D:7      | Found Katrijef's Antique Armour Emporium.
 12514 | D:7      | Bought an ominously black robe for 148 gold pieces
 12514 | D:7      | Identified the +1 robe "Quabosy" {Will+ Regen+ Str-2} (You
                  | bought it in a shop on level 7 of the Dungeon)
 13203 | D:8      | Found Nofeosm's Jewellery Boutique.
 13435 | D:8      | Got a heavily jewelled robe
 13445 | D:8      | Identified the cursed +1 robe of Mueniluz {Harm rElec
                  | Will++ Dex-4} (You found it on level 8 of the Dungeon)
 13549 | D:8      | Reached skill level 10 in Maces & Flails
 14385 | D:8      | Found a staircase to the Lair.
 14635 | D:9      | Found a staircase to the Orcish Mines.
 14645 | D:9      | Reached XP level 10. HP: 88/92 MP: 10/10
 14829 | D:9      | Gained mutation: Your body sometimes deteriorates upon
                  | taking damage. [potion of mutation]
 14829 | D:9      | Gained mutation: You are agile. (Dex +2) [potion of
                  | mutation]
 14832 | D:9      | HP: 3/92 [something (4)]
 14832 | D:9      | Slain by an unseen horror

Illustrated notes

Levels and vault maps discovered:
D:1:      scummos_arrival_hexagon, layout_loops_cross, minivault_5
D:2:      layout_loops_corners, gammafunk_temple_overflow_claw,
          serial_bayou_pond_d, okawaru_gym_becter
D:3:      layout_basic, vehumet_crystals, general_overflow_altar,
          chequers_ecumenical_altar_lobes
D:4:      layout_layer_cave, tso_altar, uniq_eustachio
D:5:      layout_basic, minmay_temple_entry_butterflies, serial_shops, shop,
          shop, shop, shop, kennysheep_little_box
D:6:      layout_cave_pods
D:7:      layout_loops_corners, serial_shops, nicolae_shop_trees
D:8:      layout_basic, lair_entry_dummy, serial_shops,
          nicolae_shop_statue_plus, hangedman_decor_lopped
D:9:      minmay_the_grid_octo_tiled_squarecenter
          [minmay_the_grid_octo_tetromino_candy, minmay_the_grid_octo_pinwheel,
          minmay_the_grid_octo_toaster, minmay_the_grid_octo_thin_diamonds,
          minmay_the_grid_square_5x5_megaprize_open,
          minmay_the_grid_square_5x5_tie,
          minmay_the_grid_square_5x5_two_walls_b,
          minmay_the_grid_square_5x5_comb,
          minmay_the_grid_square_5x5_sharp_hourglass], layout_rooms, tgw_sif,
          kennysheep_generic_room_8, uniq_prince_ribbit1

Skill      XL: |  1  2  3  4  5  6  7  8  9 10 |
---------------+-------------------------------+-----
Maces & Flails | 3 4 5 6 7 8 10 | 10.9
Dodging        | 3 4 5 6 7 8 |  8.0
Fighting       | |  4.0

Action                   |  1- 3 |  4- 6 |  7- 9 | 10-12 || total
-------------------------+-------+-------+-------+-------++-------
Melee: Mace              |   127 |    93 |       |       ||   220
       Flail             |       |    97 |   600 |    55 ||   752
Invok: Berserk           |     1 |     4 |    13 |       ||    18
       Trog's Hand       |       |       |     1 |       ||     1
       Brothers in Arms  |       |       |     1 |       ||     1
Evoke: Wand              |       |     3 |       |       ||     3
  Use: Scroll            |       |     1 |    13 |       ||    14
       Potion            |       |       |     2 |     3 ||     5
 Stab: Sleeping          |       |       |     1 |       ||     1
Armor: Animal skin       |    57 |    52 |       |       ||   109
       Robe              |       |     2 |   231 |    34 ||   267
Dodge: Dodged            |   104 |   117 |   457 |    46 ||   724
